 Dungeon Crawl Stone Soup version 0.28.0-53-g5a82cb258f (webtiles) character file.

Game seed: 15901446967993906518

457 Zeld the Conjurer (level 6, -5/45 HPs)
             Began as a Draconian Conjurer on June 8, 2022.
             Was an Initiate of Gozag.
             Succumbed to a scorpion's poison
             ... on level 4 of the Dungeon.
             The game lasted 00:05:38 (5986 turns).

Zeld the Conjurer (Draconian Conjurer)              Turns: 5986, Time: 00:05:39

Health: -5/45      AC:  6    Str: 10    XL:     6   Next: 77%
Magic:  0/12       EV: 11    Int: 20    God:    Gozag
Gold:   399        SH:  0    Dex:  7    Spells: 2/13 levels left

rFire   . . .      SeeInvis .   (no weapon)
rCold   . . .      Faith    .   (no shield)
rNeg    + . .      Spirit   .   (armour unavailable)
rPois   .          Reflect  .   (helmet restricted)
rElec   .          Harm     .   (no cloak)
rCorr   .          Rampage  .   (no gloves)
Will    .....                   (no boots)
Stlth   +.........              (no amulet)
HPRegen 0.15/turn               e - ring of positive energy
MPRegen 0.13/turn               (no ring)

@: lethally poisoned (-5 -> -33), flying, hasted, very quick
A: AC +6, unfitting armour, cold-blooded, clumsy 1
a: Renounce Religion, Potion Petition, Call Merchant, Bribe Branch


You were on level 4 of the Dungeon.
You worshipped Gozag.
Gozag was aware of your devotion.
You visited 1 branch of the dungeon, and saw 5 of its levels.

You collected 415 gold pieces.
You paid 16 gold pieces to Gozag.

Inventory:

Jewellery
 e - a ring of positive energy (left hand)
Scrolls
 c - 3 scrolls of identify {unknown}
 d - a scroll of fog {unknown}
 f - a scroll of teleportation {unknown}
 g - a scroll of enchant weapon {unknown}
 h - a scroll of torment {unknown}
 j - a scroll of blinking {unknown}
Potions
 a - a potion of flight
 i - a potion of degeneration {unknown}
 k - a potion of mutation
 l - a potion of curing {unknown}


   Skills:
 - Level 1.7 Dodging
 - Level 1.7 Stealth
 + Level 4.4 Spellcasting
 + Level 6.0 Conjurations
 - Level 2.0 Hexes
 - Level 2.0 Translocations


You had 2 spell levels left.
You knew the following spells:

 Your Spells              Type           Power      Damage    Failure   Level
a - Magic Dart            Conj           100%       1d8       1%          1
b - Searing Ray           Conj           56%        2d6       1%          2
c - Fulminant Prism       Conj/Hex       10%        3d9       24%         4
d - Iskenderun's Mystic   Conj/Tloc      20%        2d6       24%         4

Your spell library contained the following spells:

 Spells                   Type           Power      Damage    Failure   Level
 Foxfire                  Conj/Fire      64%        2x1d7     3%          1
 Dazzling Flash           Conj/Hex       40%        N/A       7%          3
 Conjure Flame            Conj/Fire      16%        6-21      11%         3
 Inner Flame              Hex/Fire       8%         N/A       24%         3
 Flame Wave               Conj/Fire      16%        2d6       34%         4


Dungeon Overview and Level Annotations

Branches:
Dungeon (5/15)
 Temple: D:4-7

Altars:
Gozag


Innate Abilities, Weirdness & Mutations

Your plain brown scales are hard. (AC +6)
You cannot fit into any form of body armour.
You are cold-blooded and may be slowed by cold attacks.
You are clumsy. (Dex -2)


Message History

You are poisoned.
The scorpion poisons you!
Casting: Magic Dart (safe; 1% risk of failure)
Confirm with . or Enter, or press ? or * to list all spells.
You don't have enough magic to cast this spell.
Unknown command.
Okay, then.
You feel very sick.
Items here: $ ) = [.
Casting: Magic Dart (safe; 1% risk of failure)
Confirm with . or Enter, or press ? or * to list all spells.
Aiming: Magic Dart (safe; 1% risk of failure)
Press: ? - help, Shift-Dir - straight line, f/p - scorpion
Aim: a scorpion (almost dead, 100% to hit)
The magic dart hits the scorpion but does no damage.
The scorpion is almost dead.
You feel very sick. The scorpion stings you.
* * * LOW HITPOINT WARNING * * *
You are lethally poisoned!
The scorpion poisons you! The scorpion barely misses you.
It was a potion of flight.
You feel very buoyant.
You fly up into the air.
* * * LOW HITPOINT WARNING * * *
You feel very sick. The scorpion barely misses you.
Unknown command.
It was a potion of mutation.
You feel extremely strange.
You feel clumsy.
* * * LOW HITPOINT WARNING * * *
You feel very sick. The scorpion stings you.
* * * LOW HITPOINT WARNING * * *
You are more poisoned.
The scorpion poisons you!
Okay, then.
It was a potion of haste.
You feel yourself speed up.
You die...
Your body crumbles into a pile of gold.

##...... #..... #...#
# # ############...#(#
.#
..............##.##..#
#############.#...#..#
#..###...# #.#$..#
#.##@## #..#s#
#...#....# #..# #...#
#... ..## #. .# #. .#
# #


You could see a scorpion.

Vanquished Creatures
  An ogre (D:4)
  A water moccasin skeleton (D:4)
  A hound (D:4)
  Terence (D:3)
  An iguana (D:4)
  3 orc wizards
  5 adders
  An adder skeleton (D:4)
  A worm (D:2)
  3 dart slugs
  12 orcs
  7 bats
  8 endoplasms
  8 giant cockroaches
  5 goblins
  7 hobgoblins
  3 jackals (D:4)
  9 kobolds
  5 quokkas
  9 ball pythons
  3 frilled lizards
  2 rats
96 creatures vanquished.

Notes
Turn   | Place    | Note
-------+----------+-------------------------------------------
     0 | D:1      | Zeld the Draconian Conjurer began the quest for the Orb.
     0 | D:1      | Reached XP level 1. HP: 14/14 MP: 3/3
   174 | D:2      | Reached XP level 2. HP: 12/20 MP: 0/5
   398 | D:2      | Learned a level 2 spell: Searing Ray
   495 | D:1      | Reached skill level 1 in Translocations
   563 | D:1      | Found a faded altar of an unknown god.
   569 | D:1      | Reached skill level 1 in Hexes
  1196 | D:1      | Reached XP level 3. HP: 26/26 MP: 2/6
  2301 | D:2      | Found an opulent altar of Gozag.
  2396 | D:2      | Became a worshipper of Gozag Ym Sagoz the Greedy
  2801 | D:3      | Reached XP level 4. HP: 33/33 MP: 1/7
  2806 | D:3      | Learned a level 4 spell: Iskenderun's Mystic Blast
  3760 | D:3      | Noticed Terence
  3885 | D:3      | Killed Terence
  3886 | D:3      | Reached XP level 5. HP: 13/38 MP: 0/9
  4628 | D:4      | Reached skill level 5 in Conjurations
  5112 | D:4      | Noticed an ogre
  5118 | D:4      | Killed an ogre
  5119 | D:4      | Reached XP level 6. HP: 45/45 MP: 3/11
  5144 | D:4      | Learned a level 4 spell: Fulminant Prism
  5352 | D:5      | Entered Level 5 of the Dungeon
  5947 | D:4      | Reached skill level 6 in Conjurations
  5985 | D:4      | Gained mutation: You are clumsy. (Dex -2) [potion of
                  | mutation]
  5985 | D:4      | HP: 1/45 [scorpion (5)]
  5986 | D:4      | Succumbed to a scorpion's poison

Illustrated notes

Levels and vault maps discovered:
D:1:      wheals_arrival_shading, layout_loops_cross, serial_glass,
          glass_columns_c, glass_columns_b, chequers_ecumenical_altar_island
D:2:      layout_loops_ring, basic_altar
D:3:      layout_basic, uniq_terence
D:4:      layout_loops_cross, minmay_ruptured
D:5:      layout_rooms, trog_three_pillars_becter, temple_statues

Skill      XL: |  1  2  3  4  5  6 |
---------------+-------------------+-----
Translocations | 1 2 |  2.0
Hexes          | 1 2 |  2.0
Spellcasting   | 3 4 |  4.4
Conjurations   | 5 6 |  6.0
Dodging        | |  1.7
Stealth        | |  1.7

Action                   |  1- 3 |  4- 6 || total
-------------------------+-------+-------++-------
Melee: Unarmed           |    25 |    47 ||    72
       Tailslap          |     3 |     3 ||     6
 Cast: Magic Dart        |   114 |    52 ||   166
       Searing Ray       |     1 |    31 ||    32
  Use: Potion            |       |     3 ||     3
 Stab: Sleeping          |     1 |       ||     1
Armor: Skin              |    18 |    29 ||    47
Dodge: Dodged            |    26 |    57 ||    83
